 Dungeon Crawl Stone Soup version 0.22.1-1-ga44c0e56f4 (webtiles) character file.

7921 Morbidden the Cleaver (level 11, -3/120 HPs)
             Began as a Demonspawn Fighter on Oct 24, 2018.
             Was a High Priest of Cheibriados.
             Killed from afar by a fire dragon (46 damage)
             ... with a blast of flame
             ... on level 10 of the Dungeon.
             The game lasted 00:18:10 (7735 turns).

Morbidden the Cleaver (Demonspawn Fighter)          Turns: 7735, Time: 00:18:11

Health: -3/120     AC: 25    Str: 32    XL:     11   Next: 3%
Magic:  23/23      EV:  2    Int: 22    God:    Cheibriados [*****.]
Gold:   452        SH: 15    Dex: 27    Spells: 10/10 levels left

rFire    . . .     SeeInvis .   a - +1 war axe
rCold    . . .     Gourm    .   c - +0 shield
rNeg     + + +     Faith    .   (armour currently unavailable)
rPois    +         Spirit   .   (helmet currently unavailable)
rElec    +         Reflect  +   (cloak currently unavailable)
rCorr    .         Harm     .   (gloves currently unavailable)
MR       +....     NoTele   +   (boots currently unavailable)
Stlth    ++........             y - amulet of Spite {Reflect rElec rPois MR+ SH+3}
HPRegen  0.30/turn              m - ring of flight
MPRegen  0.18/turn              s - ring of magical power

@: tree-form, drained, very slow
A: demonic guardian 1, powered by death 1
a: Bend Time, Temporal Distortion, Slouch, Step From Time, Renounce Religion


You were on level 10 of the Dungeon.
You worshipped Cheibriados.
Cheibriados was extremely pleased with you.
You were hungry.
You were a tree.
You visited 2 branches of the dungeon, and saw 11 of its levels.

You collected 452 gold pieces.

Inventory:

Hand Weapons
 a - a +1 war axe (weapon)
Missiles
 o - 3 javelins (quivered)
Armour
 c - a +0 shield (worn)
 l - a +0 plate armour (melded)
 p - a +0 pair of gloves (melded)
 u - a +0 helmet (melded)
Jewellery
 m - a ring of flight (left branch)
 s - a ring of magical power (right branch)
 y - the amulet of Spite (around neck) {Reflect rElec rPois MR+ SH+3}
   (You found it on level 5 of the Dungeon)

   [amulet of reflection]

   It shields you and reflects attacks.
   It insulates you from electricity.
   It protects you from poison.
   It affects your resistance to hostile enchantments.
   It affects your SH (+3).
Wands
 i - a wand of paralysis (8)
 A - a wand of enslavement (4)
 C - a wand of disintegration (2)
Scrolls
 h - 4 scrolls of identify
 j - a scroll of blinking
 k - 2 scrolls of enchant weapon
 q - a scroll of fear {unknown}
 t - a scroll of random uselessness
 v - a scroll of teleportation {unknown}
 x - 2 scrolls of amnesia
 z - a scroll of remove curse
 B - a scroll of magic mapping {unknown}
Potions
 b - a potion of cancellation
 d - a potion of might
 e - a potion of curing
 g - a potion of resistance {unknown}
 n - a potion of agility
 r - 2 potions of flight
 D - a potion of brilliance {unknown}
Comestibles
 f - 24 rations


   Skills:
 + Level 5.2(4.4) Fighting
 * Level 12.9(11.9) Axes
 + Level 4.9(4.1) Armour
 + Level 0.5(0.0) Dodging
 + Level 5.6(4.8) Shields
 * Level 5.1(4.3) Invocations


You had 10 spell levels left.
You didn't know any spells.
Your spell library contained the following spells:

 Spells                   Type           Power        Failure   Level  Hunger
 Apportation              Tloc           #.....       52%         1    ##.....
 Confusing Touch          Hex            #.....       52%         1    ##.....
 Shock                    Conj/Air       #...         52%         1    ##.....
 Summon Butterflies       Summ           #.......     52%         1    ##.....
 Summon Small Mammal      Summ           #...         52%         1    ##.....
 Call Imp                 Summ           #.......     67%         2    ###....
 Swiftness                Chrm/Air       #.......     67%         2    ###....
 Call Canine Familiar     Summ           #.......     88%         3    ####...
 Confuse                  Hex            #.......     88%         3    ####...
 Gell's Gravitas          Tloc           #.........   88%         3    ####...
 Lesser Beckoning         Tloc           #.........   88%         3    ####...
 Static Discharge         Conj/Air       #.......     88%         3    ####...
 Summon Guardian Golem    Hex/Summ       #.......     88%         3    ####...
 Tukima's Dance           Hex            #.......     88%         3    ####...
 Airstrike                Air            #.........   99%         4    #####..
 Cause Fear               Hex            #.........   99%         4    #####..
 Petrify                  Tmut/Erth      #.......     99%         4    #####..
 Summon Ice Beast         Ice/Summ       #.......     99%         4    #####..
 Summon Lightning Spire   Summ/Air       #.......     99%         4    #####..
 Alistair's Intoxication  Tmut/Pois      #.......     100%        5    ######.
 Lightning Bolt           Conj/Air       #.........   100%        5    ######.
 Metabolic Englaciation   Hex/Ice        #.........   100%        5    ######.
 Silence                  Hex/Air        #.........   100%        5    ######.
 Yara's Violent Unravell  Hex/Tmut       #.........   100%        5    ######.
 Deflect Missiles         Chrm/Air       #.........   100%        6    #######
 Invisibility             Hex            #.......     100%        6    #######
 Discord                  Hex            #.........   100%        8    #######


Dungeon Overview and Level Annotations

Branches:
Dungeon (10/15)            Temple (1/1) D:6             Orc (0/2) D:10
   Lair: D:8-11

Altars:
Cheibriados
Dithmenos
Elyvilon
Gozag
Kikubaaqudgha
Okawaru
Sif Muna
Uskayaw
Xom
Yredelemnul
Zin

Shops:
D:5 (   D:7 (   D:9 ?

Annotations:
D:7 2 transporters, Nygeryga's ghost, novice MiBe
D:8 exclusion: ice statue


Innate Abilities, Weirdness & Mutations

((You have razor-sharp toenails.))
((You are partially covered in yellow scales. (AC +2)))
A weak demonic guardian rushes to your aid.
You regenerate a little health from kills.


Message History

You block the fire dragon's attack.
Your ufetubus hits the fire dragon but does no damage. x2
You slash the fire dragon!
The fire dragon is heavily wounded.
You slash something!
Your ufetubus hits the fire dragon but does no damage.
Your ufetubus barely misses the fire dragon.
The fire dragon bites you. You block the fire dragon's attack.
The fire dragon tramples you but does no damage.
You hear some strange, mumbled words.
A puff of flame appears from out of thin air!
Helpless, you fail to dodge the puff of flame.
You hit the fire dragon but do no damage.
The fire dragon is heavily wounded.
Your shield prevents you from hitting something.
Your ufetubus barely misses the fire dragon.
Your ufetubus hits the fire dragon but does no damage.
The fire dragon breathes flames at you. The blast of flame hits you!
You die...

######............#.....#
#####....)()..)....#
####.##..#).....
#.##.##.....#
#....##.....#
##########..####.....#
........#...........#
####..##.............#
...#♣5Z.............#
#.#{D##..>.........#
#..)####.........###
#.))####......##.##
#.oo..............##
#.(.......##.###...#
#(......####.# #.#..
.........# #. #.#..
....###..## #. #....


You could see a fire dragon, 2 orcs, a centaur zombie and a friendly ufetubus.

Vanquished Creatures
  A two-headed ogre (D:8)
  A wizard (D:10)
  A polar bear (D:9)
  Grinder (D:3)
  4 yaks (D:9)
  A fire bat (D:10)
  A hungry ghost (D:8)
  2 soldier ants (D:8)
  2 orc warriors
  4 ice beasts
  2 sky beasts
  A black bear (D:9)
  A phantom (D:9)
  A necrophage (D:10)
  A hornet zombie (D:9)
  4 wolves (D:9)
  2 crocodiles
  2 ogres
  2 centaurs
  A big kobold (D:10)
  Blork the orc (D:4)
  5 bullfrogs
  2 scorpions
  17 wights
  4 howler monkeys
  5 crimson imps
  A bullfrog zombie (D:7)
  8 orc priests
  4 jellies
  A centaur skeleton (D:7)
  3 hounds
  3 iguanas
  7 orc wizards
  9 worker ants
  2 hound skeletons
  A howler monkey skeleton (D:9)
  11 adders
  A hound simulacrum (D:9)
  A white imp (D:9)
  A worker ant simulacrum (D:9)
  An ufetubus (D:8)
  An ooze (D:7)
  An adder skeleton (D:6)
  3 worms (D:4)
  2 dart slugs
  8 leopard geckos
  34 orcs
  A ball python (D:1)
  5 bats
  A giant cockroach (D:2)
  8 goblins
  10 hobgoblins
  8 jackals
  11 kobolds
  3 quokkas
  2 frilled lizards
  A leopard gecko simulacrum (D:9)
  A leopard gecko skeleton (D:4)
  A quokka skeleton (D:5)
  3 rats
227 creatures vanquished.

Vanquished Creatures (collateral kills)
  A two-headed ogre (D:9)
  A hippogriff (D:9)
  Edmund (D:5)
  A water moccasin (D:6)
  An orc warrior (D:6)
  A wight (D:6)
  A howler monkey (D:8)
  A hound (D:4)
  3 orc priests
  An orc wizard (D:6)
  A worker ant (D:5)
  An orc (D:8)
  2 jackals (D:8)
16 creatures vanquished.

Grand Total: 243 creatures vanquished

Notes
Turn   | Place    | Note
-------+----------+-------------------------------------------
     0 | D:1      | Morbidden the Demonspawn Fighter began the quest for the
                  | Orb.
     0 | D:1      | Reached XP level 1. HP: 18/18 MP: 1/1
    32 | D:1      | Reached skill level 2 in Axes
   315 | D:1      | Gained mutation: You have sharp toenails. [demonic
                  | ancestry]
   315 | D:1      | Reached XP level 2. HP: 23/24 MP: 2/2
   507 | D:1      | Reached skill level 3 in Axes
   741 | D:1      | Reached XP level 3. HP: 28/29 MP: 3/3
  1546 | D:3      | Noticed Grinder
  1608 | D:3      | Reached skill level 4 in Axes
  1608 | D:3      | Gained mutation: You are partially covered in yellow
                  | scales. (AC +2) [demonic ancestry]
  1608 | D:3      | Reached XP level 4. HP: 35/35 MP: 4/4
  1668 | D:3      | Paralysed by Grinder for 3 turns
  1673 | D:3      | Paralysed by Grinder for 4 turns
  1690 | D:3      | Paralysed by Grinder for 6 turns
  1700 | D:3      | Killed Grinder
  1700 | D:3      | Reached skill level 5 in Axes
  1700 | D:3      | Gained mutation: A weak demonic guardian rushes to your
                  | aid. [demonic ancestry]
  1700 | D:3      | Reached XP level 5. HP: 12/41 MP: 5/5
  1700 | D:3      | Reached XP level 6. HP: 13/47 MP: 6/6
  2130 | D:4      | Reached skill level 6 in Axes
  2435 | D:4      | Found an ancient bone altar of Kikubaaqudgha.
  2436 | D:4      | Noticed Blork the orc
  2437 | D:4      | Found a glowing silver altar of Zin.
  2437 | D:4      | Found a shimmering altar of Xom.
  2445 | D:4      | Killed Blork the orc
  2458 | D:4      | Found an iron altar of Okawaru.
  2459 | D:4      | Found a deep blue altar of Sif Muna.
  2724 | D:5      | Entered Level 5 of the Dungeon
  2742 | D:5      | Reached skill level 7 in Axes
  2750 | D:5      | Reached XP level 7. HP: 48/52 MP: 7/7
  2963 | D:5      | Reached skill level 8 in Axes
  3080 | D:5      | Noticed Edmund
  3089 | D:5      | Killed Edmund
  3115 | D:5      | Found Reoliazu's Weapon Shoppe.
  3180 | D:5      | Reached XP level 8. HP: 47/58 MP: 8/8
  3265 | D:5      | Got a bound steel amulet
  3266 | D:5      | Identified the amulet of Spite {Reflect rElec rPois MR+
                  | SH+3} (You found it on level 5 of the Dungeon)
  3363 | D:6      | Reached skill level 9 in Axes
  3567 | D:6      | Found a staircase to the Ecumenical Temple.
  3578 | Temple   | Entered the Ecumenical Temple
  3599 | Temple   | Became a worshipper of Cheibriados the Contemplative
  3884 | D:6      | Reached skill level 10 in Axes
  3922 | D:6      | Reached * piety under Cheibriados
  4058 | D:6      | Reached XP level 9. HP: 24/64 MP: 9/9
  4457 | D:7      | Found a transporter.
  4520 | D:7      | Found a transporter.
  4520 | D:7      | Noticed Nygeryga's ghost (novice MiBe)
  4627 | D:7      | Reached skill level 1 in Invocations
  4628 | D:7      | Found Anukuado's Weapon Boutique.
  4669 | D:7      | Reached ** piety under Cheibriados
  5399 | D:8      | Noticed a two-headed ogre
  5412 | D:8      | Killed a two-headed ogre
  5412 | D:8      | Reached skill level 11 in Axes
  5459 | D:8      | Noticed an ice devil
  5460 | D:8      | Noticed an ice devil
  5461 | D:8      | Noticed an ice devil
  5506 | D:8      | Found a basalt altar of Yredelemnul.
  5666 | D:8      | Noticed an ice devil
  5672 | D:8      | Noticed an ice statue
  5691 | D:8      | Noticed an ice devil
  5742 | D:8      | Reached *** piety under Cheibriados
  5749 | D:8      | Noticed an ice devil
  5818 | D:8      | Gained mutation: You have razor-sharp toenails. [demonic
                  | ancestry]
  5818 | D:8      | Reached XP level 10. HP: 62/73 MP: 12/12
  6122 | D:9      | Noticed a two-headed ogre
  6131 | D:9      | Killed a two-headed ogre
  6333 | D:9      | Reached skill level 5 in Shields
  6362 | D:9      | Reached **** piety under Cheibriados
  6467 | D:9      | Reached skill level 12 in Axes
  7089 | D:9      | Found Qeowesk's Magic Scroll Shop.
  7187 | D:9      | Reached ***** piety under Cheibriados
  7187 | D:9      | Reached skill level 5 in Fighting
  7547 | D:10     | Entered Level 10 of the Dungeon
  7630 | D:10     | Found a staircase to the Orcish Mines.
  7661 | D:10     | Noticed a wizard
  7662 | D:10     | Paralysed by a wizard for 7 turns
  7670 | D:10     | Killed a wizard
  7670 | D:10     | Reached skill level 5 in Invocations
  7718 | D:10     | Gained mutation: You regenerate a little health from kills.
                  | [demonic ancestry]
  7718 | D:10     | Reached XP level 11. HP: 43/80 MP: 14/14
  7722 | D:10     | Noticed a fire dragon
  7735 | D:10     | Killed from afar by a fire dragon

Skill      XL: |  1  2  3  4  5  6  7  8  9 10 |
---------------+-------------------------------+-----
Axes           | 2 3 4 5 7 8 10 11 12 | 12.9
Shields        | 3 4 5 |  5.6
Armour         | 3 4 |  4.9
Invocations    | 3 5 |  5.1
Fighting       | 4 5 |  5.2
Dodging        | |  0.5

Action                   |  1- 3 |  4- 6 |  7- 9 | 10-12 || total
-------------------------+-------+-------+-------+-------++-------
Melee: War axe           |   100 |   130 |   297 |   195 ||   722
       Kick              |    19 |    30 |   104 |    94 ||   247
Throw: Javelin           |       |     3 |     2 |       ||     5
Evoke: Wand              |       |       |     1 |       ||     1
  Use: Scroll            |       |     8 |     3 |     1 ||    12
       Potion            |       |     1 |     2 |     7 ||    10
 Stab: Distracted        |       |       |     4 |     2 ||     6
  Eat: Chunk             |     1 |     1 |    10 |     3 ||    15
       Ration            |       |     1 |       |       ||     1
Armor: Scale mail        |    31 |       |       |       ||    31
       Plate armour      |    33 |    79 |   119 |    86 ||   317
       Skin              |       |     5 |    11 |     7 ||    23
Dodge: Dodged            |    11 |    11 |    27 |    29 ||    78
Block: Shield            |    49 |    50 |   174 |   165 ||   438
       Reflection        |       |       |     4 |     8 ||    12
